Workbook
Name VALOR_OBLIGACIÓN: 'APLICA TDJ-'!$B$13

Sheet Hoja Control de Cambios
A1: #VALUE! | E1: FORMATO SOLICITUD DE CONFIRMACIÓN DE DEPÓSITOS | U1: GF-FOR-017
A7: HOJA DE APROBACION
E9: Preparado por: | K9: Revisado por: | R9: Aprobado por:
A10: Nombre: | E10: Eliana Cherley Reyes Garcia Blanca I. Garzón Sanchéz | K10: Sandra Forero Castillo | R10: Sandra Forero Castillo
A11: Cargo: | E11: Profesional Especializado Subdirección Financiera Profesional Especializado Subdirección Financiera | K11: Subdirectora Financiera | R11: Subdirectora Financiera
A13: Fecha | E13: 25/05/2016 | K13: 26/05/2016 | R13: 26/05/2016
A16: HOJA DE CONTROL DE CAMBIOS
A18: Versión | C18: Acción | F18: Fecha | I18: Descripción de la acción | R18: Numeral | U18: Responsable
A19: 1.0. | C19: Creación | F19: 41899 | I19: Creación del Formato | R19: Todos | U19: Lina María Arias A. Edgar Cobos Parra
A20: 2.0 | C20: Modificación | F20: 26/05/2016 | I20: En el Formato Confirmación de Depósitos se eliminan las columnas: # de Imputación Presupuestal, # de Causación y Documento Contable. En el formato solicitud de Confirmación de Depósitos se agregan las columnas: Registro de Recuado y # de Causación. | R20: Todos | U20: Eliana C. Reyes García Edgar Cobos Parra
A22: Antes de usar este documento revise el listado maestro de documentos y verifique que esta es la última versión. | U22: AP-FOR-004 V 1.1

Sheet inicial
A1: ACTUALIZACIÓN DE SANCIONES
A2: VALOR DE LA OBLIGACIÓN | B2: FECHA EXIGIBILIDAD | C2: CORTE ACTUALIZACIÓN | D2: Días de mora | E2: IPC | G2: VALOR IPC | H2: VALOR ACTUALIZADO | I2: TIPO DE PAGO | J2: No. SIIF/ No. TDJ | K2: VALOR PAGADO/VALOR TDJ | L2: FECHA DE PAGO/F. EMISIÓN DEL TDJ | M2: PAGO IMPUTADO A OBLIGACIÓN | N2: REMANENTE | O2: SALDO A PAGAR | Q2: PORCENTAJE PAGADO PARA ACCEDER AL BENEFICIO
E3: IPC | F3: AÑO | P3: No. De Pago
A4: =B19 -> 0 | B4: =B21 | C4: =IFERROR(VLOOKUP(YEAR(B4),$S$27:$T$39,2,0),"") | D4: =IFERROR(IF(L4="",(C4-B4)+1,IF(YEAR(L4)<=YEAR(B4),0,IF((C4-B4)+1>365,(365),(C4-B4)+1))),"") | E4: =IFERROR(IF(YEAR(B4)=YEAR(B5),(0),VLOOKUP(F4,$S$27:$U$39,3,FALSE)),"") | F4: =IFERROR(YEAR(C4),"") | G4: =IFERROR(H4-A4,"") | H4: =IFERROR(A4*(1+E4),"") | M4: =+IF(K4>H4,H4,K4) -> 0 | N4: =K4-M4 -> 0 | O4: =IFERROR(H4-M4,"") | P4: 1 | Q4: =IFERROR(K4/H4,"")
A5: =IF(P5=1,$B$19,O4) | B5: =IFERROR(IF(L4="",DATE(YEAR(B4)+1,1,1),IF(YEAR(L4)<=YEAR($B$21),$B$21,IF(YEAR(B4)+1=YEAR(L4),DATE(YEAR(L4),1,1),DATE(YEAR(L4),1,1)))),"") | C5: =IFERROR(VLOOKUP(YEAR(B5),$S$27:$T$39,2,0),"") | D5: =IFERROR(IF(L5="",(C5-B5)+1,IF(YEAR(L5)<=YEAR(B5),0,IF((C5-B5)+1>365,(365),(C5-B5)+1))),"") | E5: =IFERROR(IF(YEAR(B5)=YEAR(B6),(0),VLOOKUP(F5,$S$27:$U$39,3,FALSE)),"") | F5: =IFERROR(YEAR(C5),"") | G5: =IFERROR(H5-A5,"") | H5: =IFERROR(A5*(1+E5),"") | M5: =+IF(K5>H5,H5,K5) -> 0 | N5: =K5-M5 -> 0 | O5: =IFERROR(H5-M5,"") | P5: 2 | Q5: =IFERROR(K5/H5,"")
A6: =IF(P6=1,$B$19,O5) | B6: =IFERROR(IF(L5="",DATE(YEAR(B5)+1,1,1),IF(YEAR(L5)<=YEAR($B$21),$B$21,IF(YEAR(B5)+1=YEAR(L5),DATE(YEAR(L5),1,1),DATE(YEAR(L5),1,1)))),"") | C6: =IFERROR(VLOOKUP(YEAR(B6),$S$27:$T$39,2,0),"") | D6: =IFERROR(IF(L6="",(C6-B6)+1,IF(YEAR(L6)<=YEAR(B6),0,IF((C6-B6)+1>365,(365),(C6-B6)+1))),"") | E6: =IFERROR(IF(YEAR(B6)=YEAR(B7),(0),VLOOKUP(F6,$S$27:$U$39,3,FALSE)),"") | F6: =IFERROR(YEAR(C6),"") | G6: =IFERROR(H6-A6,"") | H6: =IFERROR(A6*(1+E6),"") | M6: =+IF(K6>H6,H6,K6) -> 0 | N6: =K6-M6 -> 0 | O6: =IFERROR(H6-M6,"") | P6: 3 | Q6: =IFERROR(K6/H6,"")
A7: =IF(P7=1,$B$19,O6) | B7: =IFERROR(IF(L6="",DATE(YEAR(B6)+1,1,1),IF(YEAR(L6)<=YEAR($B$21),$B$21,IF(YEAR(B6)+1=YEAR(L6),DATE(YEAR(L6),1,1),DATE(YEAR(L6),1,1)))),"") | C7: =IFERROR(VLOOKUP(YEAR(B7),$S$27:$T$39,2,0),"") | D7: =IFERROR(IF(L7="",(C7-B7)+1,IF(YEAR(L7)<=YEAR(B7),0,IF((C7-B7)+1>365,(365),(C7-B7)+1))),"") | E7: =IFERROR(IF(YEAR(B7)=YEAR(B8),(0),VLOOKUP(F7,$S$27:$U$39,3,FALSE)),"") | F7: =IFERROR(YEAR(C7),"") | G7: =IFERROR(H7-A7,"") | H7: =IFERROR(A7*(1+E7),"") | M7: =+IF(K7>H7,H7,K7) -> 0 | N7: =K7-M7 -> 0 | O7: =IFERROR(H7-M7,"") | P7: 4 | Q7: =IFERROR(K7/H7,"")
A8: =IF(P8=1,$B$19,O7) | B8: =IFERROR(IF(L7="",DATE(YEAR(B7)+1,1,1),IF(YEAR(L7)<=YEAR($B$21),$B$21,IF(YEAR(B7)+1=YEAR(L7),DATE(YEAR(L7),1,1),DATE(YEAR(L7),1,1)))),"") | C8: =IFERROR(VLOOKUP(YEAR(B8),$S$27:$T$39,2,0),"") | D8: =IFERROR(IF(L8="",(C8-B8)+1,IF(YEAR(L8)<=YEAR(B8),0,IF((C8-B8)+1>365,(365),(C8-B8)+1))),"") | E8: =IFERROR(IF(YEAR(B8)=YEAR(B9),(0),VLOOKUP(F8,$S$27:$U$39,3,FALSE)),"") | F8: =IFERROR(YEAR(C8),"") | G8: =IFERROR(H8-A8,"") | H8: =IFERROR(A8*(1+E8),"") | M8: =+IF(K8>H8,H8,K8) -> 0 | N8: =K8-M8 -> 0 | O8: =IFERROR(H8-M8,"") | P8: 5 | Q8: =IFERROR(K8/H8,"")
A9: =IF(P9=1,$B$19,O8) | B9: =IFERROR(IF(L8="",DATE(YEAR(B8)+1,1,1),IF(YEAR(L8)<=YEAR($B$21),$B$21,IF(YEAR(B8)+1=YEAR(L8),DATE(YEAR(L8),1,1),DATE(YEAR(L8),1,1)))),"") | C9: =IFERROR(VLOOKUP(YEAR(B9),$S$27:$T$39,2,0),"") | D9: =IFERROR(IF(L9="",(C9-B9)+1,IF(YEAR(L9)<=YEAR(B9),0,IF((C9-B9)+1>365,(365),(C9-B9)+1))),"") | E9: =IFERROR(IF(YEAR(B9)=YEAR(B10),(0),VLOOKUP(F9,$S$27:$U$39,3,FALSE)),"") | F9: =IFERROR(YEAR(C9),"") | G9: =IFERROR(H9-A9,"") | H9: =IFERROR(A9*(1+E9),"") | M9: =+IF(K9>H9,H9,K9) -> 0 | N9: =K9-M9 -> 0 | O9: =IFERROR(H9-M9,"") | P9: 6 | Q9: =IFERROR(K9/H9,"")
A10: =IF(P10=1,$B$19,O9) | B10: =IFERROR(IF(L9="",DATE(YEAR(B9)+1,1,1),IF(YEAR(L9)<=YEAR($B$21),$B$21,IF(YEAR(B9)+1=YEAR(L9),DATE(YEAR(L9),1,1),DATE(YEAR(L9),1,1)))),"") | C10: =IFERROR(VLOOKUP(YEAR(B10),$S$27:$T$39,2,0),"") | D10: =IFERROR(IF(L10="",(C10-B10)+1,IF(YEAR(L10)<=YEAR(B10),0,IF((C10-B10)+1>365,(365),(C10-B10)+1))),"") | E10: =IFERROR(IF(YEAR(B10)=YEAR(B11),(0),VLOOKUP(F10,$S$27:$U$39,3,FALSE)),"") | F10: =IFERROR(YEAR(C10),"") | G10: =IFERROR(H10-A10,"") | H10: =IFERROR(A10*(1+E10),"") | M10: =+IF(K10>H10,H10,K10) -> 0 | N10: =K10-M10 -> 0 | O10: =IFERROR(H10-M10,"") | P10: 7 | Q10: =IFERROR(K10/H10,"")
A11: =IF(P11=1,$B$19,O10) | B11: =IFERROR(IF(L10="",DATE(YEAR(B10)+1,1,1),IF(YEAR(L10)<=YEAR($B$21),$B$21,IF(YEAR(B10)+1=YEAR(L10),DATE(YEAR(L10),1,1),DATE(YEAR(L10),1,1)))),"") | C11: =IFERROR(VLOOKUP(YEAR(B11),$S$27:$T$39,2,0),"") | D11: =IFERROR(IF(L11="",(C11-B11)+1,IF(YEAR(L11)<=YEAR(B11),0,IF((C11-B11)+1>365,(365),(C11-B11)+1))),"") | E11: =IFERROR(IF(YEAR(B11)=YEAR(B12),(0),VLOOKUP(F11,$S$27:$U$39,3,FALSE)),"") | F11: =IFERROR(YEAR(C11),"") | G11: =IFERROR(H11-A11,"") | H11: =IFERROR(A11*(1+E11),"") | M11: =+IF(K11>H11,H11,K11) -> 0 | N11: =K11-M11 -> 0 | O11: =IFERROR(H11-M11,"") | P11: 8 | Q11: =IFERROR(K11/H11,"")
A12: =IF(P12=1,$B$19,O11) | B12: =IFERROR(IF(L11="",DATE(YEAR(B11)+1,1,1),IF(YEAR(L11)<=YEAR($B$21),$B$21,IF(YEAR(B11)+1=YEAR(L11),DATE(YEAR(L11),1,1),DATE(YEAR(L11),1,1)))),"") | C12: =IFERROR(VLOOKUP(YEAR(B12),$S$27:$T$39,2,0),"") | D12: =IFERROR(IF(L12="",(C12-B12)+1,IF(YEAR(L12)<=YEAR(B12),0,IF((C12-B12)+1>365,(365),(C12-B12)+1))),"") | E12: =IFERROR(IF(YEAR(B12)=YEAR(B13),(0),VLOOKUP(F12,$S$27:$U$39,3,FALSE)),"") | F12: =IFERROR(YEAR(C12),"") | G12: =IFERROR(H12-A12,"") | H12: =IFERROR(A12*(1+E12),"") | M12: =+IF(K12>H12,H12,K12) -> 0 | N12: =K12-M12 -> 0 | O12: =IFERROR(H12-M12,"") | P12: 9 | Q12: =IFERROR(K12/H12,"")
A13: =IF(P13=1,$B$19,O12) | B13: =IFERROR(IF(L12="",DATE(YEAR(B12)+1,1,1),IF(YEAR(L12)<=YEAR($B$21),$B$21,IF(YEAR(B12)+1=YEAR(L12),DATE(YEAR(L12),1,1),DATE(YEAR(L12),1,1)))),"") | C13: =IFERROR(VLOOKUP(YEAR(B13),$S$27:$T$39,2,0),"") | D13: =IFERROR(IF(L13="",(C13-B13)+1,IF(YEAR(L13)<=YEAR(B13),0,IF((C13-B13)+1>365,(365),(C13-B13)+1))),"") | E13: =IFERROR(IF(YEAR(B13)=YEAR(B14),(0),VLOOKUP(F13,$S$27:$U$39,3,FALSE)),"") | F13: =IFERROR(YEAR(C13),"") | G13: =IFERROR(H13-A13,"") | H13: =IFERROR(A13*(1+E13),"") | M13: =+IF(K13>H13,H13,K13) -> 0 | N13: =K13-M13 -> 0 | O13: =IFERROR(H13-M13,"") | P13: 10 | Q13: =IFERROR(K13/H13,"")
A14: =IF(P14=1,$B$19,O13) | B14: =IFERROR(IF(L13="",DATE(YEAR(B13)+1,1,1),IF(YEAR(L13)<=YEAR($B$21),$B$21,IF(YEAR(B13)+1=YEAR(L13),DATE(YEAR(L13),1,1),DATE(YEAR(L13),1,1)))),"") | C14: =IFERROR(VLOOKUP(YEAR(B14),$S$27:$T$39,2,0),"") | D14: =IFERROR(IF(L14="",(C14-B14)+1,IF(YEAR(L14)<=YEAR(B14),0,IF((C14-B14)+1>365,(365),(C14-B14)+1))),"") | E14: =IFERROR(IF(YEAR(B14)=YEAR(B15),(0),VLOOKUP(F14,$S$27:$U$39,3,FALSE)),"") | F14: =IFERROR(YEAR(C14),"") | G14: =IFERROR(H14-A14,"") | H14: =IFERROR(A14*(1+E14),"") | M14: =+IF(K14>H14,H14,K14) -> 0 | N14: =K14-M14 -> 0 | O14: =IFERROR(H14-M14,"") | P14: 11 | Q14: =IFERROR(K14/H14,"")
A15: =IF(P15=1,$B$19,O14) | B15: =IFERROR(IF(L14="",DATE(YEAR(B14)+1,1,1),IF(YEAR(L14)<=YEAR($B$21),$B$21,IF(YEAR(B14)+1=YEAR(L14),DATE(YEAR(L14),1,1),DATE(YEAR(L14),1,1)))),"") | C15: =IFERROR(VLOOKUP(YEAR(B15),$S$27:$T$39,2,0),"") | D15: =IFERROR(IF(L15="",(C15-B15)+1,IF(YEAR(L15)<=YEAR(B15),0,IF((C15-B15)+1>365,(365),(C15-B15)+1))),"") | E15: =IFERROR(IF(YEAR(B15)=YEAR(B16),(0),VLOOKUP(F15,$S$27:$U$39,3,FALSE)),"") | F15: =IFERROR(YEAR(C15),"") | G15: =IFERROR(H15-A15,"") | H15: =IFERROR(A15*(1+E15),"") | M15: =+IF(K15>H15,H15,K15) -> 0 | N15: =K15-M15 -> 0 | O15: =IFERROR(H15-M15,"") | P15: 12 | Q15: =IFERROR(K15/H15,"")
A16: =IF(P16=1,$B$19,O15) | B16: =IFERROR(IF(L15="",DATE(YEAR(B15)+1,1,1),IF(YEAR(L15)<=YEAR($B$21),$B$21,IF(YEAR(B15)+1=YEAR(L15),DATE(YEAR(L15),1,1),DATE(YEAR(L15),1,1)))),"") | C16: =IFERROR(VLOOKUP(YEAR(B16),$S$27:$T$39,2,0),"") | D16: =IFERROR(IF(L16="",(C16-B16)+1,IF(YEAR(L16)<=YEAR(B16),0,IF((C16-B16)+1>365,(365),(C16-B16)+1))),"") | E16: =IFERROR(IF(YEAR(B16)=YEAR(B17),(0),VLOOKUP(F16,$S$27:$U$39,3,FALSE)),"") | F16: =IFERROR(YEAR(C16),"") | G16: =IFERROR(H16-A16,"") | H16: =IFERROR(A16*(1+E16),"") | M16: =+IF(K16>H16,H16,K16) -> 0 | N16: =K16-M16 -> 0 | O16: =IFERROR(H16-M16,"") | P16: 13 | Q16: =IFERROR(K16/H16,"")
A19: VALOR SANCIÓN | E19: INGRESE EL VALOR DETERMINADO EN EL ULTIMO ACTO ADMINISTRATIVO (Liquidacion oficial o recurso de reconsideracion, revocatoria, resolucion sancion) POR CONCEPTO DE SANCIONES | R19: 2016
A20: FECHA EJECUTORIA | E20: INGRESE LA FECHA DEL ULTIMO ACTO ADMINISTRATIVO O FECHA DE EJECUTORIA | R20: 2017
A21: FECHA EXIGIBILIDAD | B21: =IF(B20="","",B20+1)
A22: L.O
R24: =+B21 | S24: =+YEAR(R24) -> #VALUE!
A25: actualizado: 6/01/2026 | R25: =+L4 -> 0 | S25: =+YEAR(R25) -> 1900
S27: 2013 | T27: 41639 | U27: 0.0194
S28: 2014 | T28: 42004 | U28: 0.0366
R29: =+B4 | S29: 2015 | T29: 42369 | U29: 0.0677
S30: 2016 | T30: 42735 | U30: 0.0575
S31: 2017 | T31: 43100 | U31: 0.0409
S32: 2018 | T32: 43465 | U32: 0.0318
S33: 2019 | T33: 43830 | U33: 0.038
S34: 2020 | T34: 44196 | U34: 0.0161
S35: 2021 | T35: 44561 | U35: 0.0562
S36: 2022 | T36: 44926 | U36: 0.1312
S37: 2023 | T37: 45291 | U37: 0.0928
S38: 2024 | T38: 45657 | U38: 0.052
S39: 2025 | T39: 46022 | U39: 0.051

Sheet Instructivo
A1: Instrucciones Generales
B2: Diligenciar Incialmente la Hoja "Base de datos"
B3: La base de datos alimentara la Hoja "Formato - Imprimir"
B4: La confirmación debe enviarse via e-mail, identificando el asunto con la denominación "CONFIRMACION DEPOSITOS"
B5: El formato- Imprimir esta diseñada para el registro de máximo 10 recaudos. Si excede este tope favor llenar el número de solicitudes que requiera
A8: Base de Datos
A9: 1 | B9: FECHA DE SOLICITUD | C9: Diligenciar fecha del dia cuando se solicita la confirmación de saldos
A10: 2 | B10: N° | C10: Secuencia que identifica la discriminación del recaudo, cada cambio de secuencia significa una nuevo recaudo a identificar.
A11: 3 | B11: TIPO DE RECAUDO | C11: Escoger el tipo de recaudo según la lista desplegable, cada formato se debera diligenciar por un unico tipo de recaudo
A12: 4 | B12: NIT/ CC | C12: Diligenciar el Número de identificación tributaria que tiene la persona
A13: 5 | B13: RAZON SOCIAL/ NOMBRE | C13: Diligenciar el nombre de la persona natural o razón social de la persona Juridica que realiza el abono.
A14: 6 | B14: CUENTA BANCARIA | C14: Diligenciar el Número de la cuenta bancaria a la cual se realizo el abono
A15: 7 | B15: FECHA DE CONSIGNAC. | C15: Fecha real del abono en el banco
A16: 8 | B16: VALOR TOTAL | C16: NO modificar campo formulado
A17: 9 | B17: CAPITAL | C17: Diligenciar la proporcion del abono que corresponde a este concepto
A18: 10 | B18: INTERESES | C18: Diligenciar la proporcion del abono que corresponde a este concepto
A19: 11 | B19: EXCESOS | C19: Diligenciar el monto consignado de mas por la persona que realiza el recaudo suceptible de devolución
A20: 12 | B20: DOCUMENTO TERCERO | C20: Diligenciar el Número de identificación del tercero a afectar
... A23: 15 | B23: C x C / OBSERVACIONES | C23: Notas adicionales del abono
A26: Formato-Imprimir
A27: 1 | B27: ACTO ADMTIVO- SOPORTE | C27: Diligenciar documentos soporte del abono realizado.
A28: 2 | B28: ANEXOS | C28: Mencione los soporte que anexa junto con el formato (Copia de la Consignación, Copia de la transferencia)
A29: 3 | B29: FUNCIONARIO SOLICITANTE | C29: Nombre de la persona que solicitante de la confirmación
A30: 4 | B30: Area | C30: Dependencia del solicitante
A31: 5 | B31: Extensión | C31: Extensión telefonica dentro de la UGPP

Sheet Base de datos
Q1: SUBDIRECCIÓN FINANCIERA
E2: CONFIRMACIÓN DE DEPÓSITOS
A4: 1. FECHA DE SOLICITUD | B4: 2. N° | C4: 3. TIPO RECAUDO | D4: 4. NIT/ CC | E4: 5. RAZÓN SOCIAL / NOMBRE | F4: 6. CUENTA BANCARIA | G4: 7. FECHA DE CONSIGNAC. | H4: 8. VALOR TOTAL | I4: 9. CAPITAL | J4: 10. INTERESES | K4: 11. EXCESOS | L4: 12. DOCUMENTO TERCERO | M4: 13. TERCERO A AFECTAR | N4: 14. PERIODO PAGADO | O4: 15. C x C / OBSERVACIONES | Q4: # Solicitud SubFinanc. | R4: # Recaduo SIIF | S4: NOTAS | U4: SE ELIMINA # DE IMPUTACIÓN PRESUPUESTAL, # DE CAUSACIÓN , DOCUMENTO CONTABLE
B5: 1 | C5: Sanciones | D5: =+'APLICA TDJ-'!#REF! -> #REF! | E5: =+'APLICA TDJ-'!#REF! -> #REF! | F5: 300700006921 | G5: =+'APLICA TDJ-'!L4 -> 0 | H5: =+J5+I5+K5 -> #N/A | I5: =+'APLICA TDJ-'!M4 -> #N/A | J5: 0 | K5: =+'APLICA TDJ-'!N4 -> #N/A | L5: =+'APLICA TDJ-'!#REF! -> #REF! | M5: =+'APLICA TDJ-'!#REF! -> #REF! | N5: =+V5 -> #REF! | U5: Se remite deuda actualizada del expediente | V5: =+CONCATENATE(U5," ",U6,"",U7,X7,U8) -> #REF!
B6: 2 | C6: Sanciones | F6: 300700006921 | G6: =+'APLICA TDJ-'!L6 -> 44077 | H6: =+J6+I6+K6 -> 0 | J6: 0 | M6: =+E6 -> 0 | U6: =+'APLICA TDJ-'!#REF! -> #REF!
B7: 3 | C7: Sanciones | F7: 300700006921 | G7: =+'APLICA TDJ-'!L7 -> 44228 | H7: =+J7+I7+K7 -> 0 | J7: 0 | M7: =+E7 -> 0 | U7: resolución
B8: 4 | C8: Sanciones | F8: 300700006921 | G8: =+'APLICA TDJ-'!L8 -> 0 | H8: =+J8+I8+K8 -> 0 | J8: 0 | L8: =+D8 -> 0 | M8: =+E8 -> 0 | U8: =+'APLICA TDJ-'!#REF! -> #REF!
B9: 5 | C9: Sanciones | F9: 300700006921 | G9: =+'APLICA TDJ-'!L9 -> 0 | H9: =+J9+I9+K9 -> 0 | J9: 0 | L9: =+D9 -> 0 | M9: =+E9 -> 0
B10: 6 | C10: Sanciones | F10: 300700006921 | G10: =+'APLICA TDJ-'!L10 -> 0 | H10: =+J10+I10+K10 -> 0 | L10: =+D10 -> 0 | M10: =+E10 -> 0
B11: 7 | C11: Sanciones | F11: 300700006921 | G11: =+'APLICA TDJ-'!L11 -> 0 | H11: =+J11+I11+K11 -> 0 | L11: =+D11 -> 0 | M11: =+E11 -> 0
B12: 8 | C12: Sanciones | F12: 300700006921 | G12: =+'APLICA TDJ-'!L12 -> 0 | H12: =+J12+I12+K12 -> 0 | L12: =+D12 -> 0 | M12: =+E12 -> 0
B13: 9 | C13: Sanciones | F13: 300700006921 | G13: =+'APLICA TDJ-'!#REF! -> #REF! | H13: =+J13+I13+K13 -> 0 | L13: =+D13 -> 0 | M13: =+E13 -> 0
B14: 10 | C14: Sanciones | F14: 300700006921 | G14: =+'APLICA TDJ-'!#REF! -> #REF! | H14: =+J14+I14+K14 -> 0 | L14: =+D14 -> 0 | M14: =+E14 -> 0

Sheet Formato -Imprimir
E1: SOLICITUD DE CONFIRMACIÓN DE DEPÓSITOS
A6: Fecha: | B6: =+'Base de datos'!A5 -> 0 | E6: CONCEPTO: | F6: =+'Base de datos'!C5 -> Sanciones
A8: Se solicita verificar los recaudos relacionados a continuación e imputar presupuestalmente de acuerdo a la información recogida en la base de datos anexa.
A11: N° | B11: RAZÓN SOCIAL | E11: NIT | F11: CUENTA BANCARIA | G11: FECHA CONSIGNAC. | I11: VALOR | K11: 1. ACTO ADMTIVO- SOPORTE
A12: 1 | B12: =VLOOKUP(A12,'Base de datos'!$B:$G,4,FALSE) -> #REF! | E12: =VLOOKUP(A12,'Base de datos'!$B:$G,3,FALSE) -> #REF! | F12: =VLOOKUP(A12,'Base de datos'!$B:$G,5,FALSE) -> 300700006921 | G12: =VLOOKUP(A12,'Base de datos'!$B:$G,6,FALSE) -> 0 | I12: =SUMIF('Base de datos'!B:B,'Formato -Imprimir'!A12,'Base de datos'!H:H) -> #N/A | K12: =+'APLICA TDJ-'!#REF! -> #REF! | M12: El acto administrativo y la información de los anexos se diligencia dentro de este formato, la información restante se recoge automáticamente de la base de datos que detalla la información
A13: 2 | B13: =VLOOKUP(A13,'Base de datos'!$B:$G,4,FALSE) -> 0 | E13: =VLOOKUP(A13,'Base de datos'!$B:$G,3,FALSE) -> 0 | F13: =VLOOKUP(A13,'Base de datos'!$B:$G,5,FALSE) -> 300700006921 | G13: =VLOOKUP(A13,'Base de datos'!$B:$G,6,FALSE) -> 44077 | I13: =SUMIF('Base de datos'!B:B,'Formato -Imprimir'!A13,'Base de datos'!H:H) -> 0
A14: 3 | B14: =VLOOKUP(A14,'Base de datos'!$B:$G,4,FALSE) -> 0 | E14: =VLOOKUP(A14,'Base de datos'!$B:$G,3,FALSE) -> 0 | F14: =VLOOKUP(A14,'Base de datos'!$B:$G,5,FALSE) -> 300700006921 | G14: =VLOOKUP(A14,'Base de datos'!$B:$G,6,FALSE) -> 44228 | I14: =SUMIF('Base de datos'!B:B,'Formato -Imprimir'!A14,'Base de datos'!H:H) -> 0
A15: 4 | B15: =VLOOKUP(A15,'Base de datos'!$B:$G,4,FALSE) -> 0 | E15: =VLOOKUP(A15,'Base de datos'!$B:$G,3,FALSE) -> 0 | F15: =VLOOKUP(A15,'Base de datos'!$B:$G,5,FALSE) -> 300700006921 | G15: =VLOOKUP(A15,'Base de datos'!$B:$G,6,FALSE) -> 0 | I15: =SUMIF('Base de datos'!B:B,'Formato -Imprimir'!A15,'Base de datos'!H:H) -> 0
A16: 5 | B16: =VLOOKUP(A16,'Base de datos'!$B:$G,4,FALSE) -> 0 | E16: =VLOOKUP(A16,'Base de datos'!$B:$G,3,FALSE) -> 0 | F16: =VLOOKUP(A16,'Base de datos'!$B:$G,5,FALSE) -> 300700006921 | G16: =VLOOKUP(A16,'Base de datos'!$B:$G,6,FALSE) -> 0 | I16: =SUMIF('Base de datos'!B:B,'Formato -Imprimir'!A16,'Base de datos'!H:H) -> 0
A17: 6 | B17: =VLOOKUP(A17,'Base de datos'!$B:$G,4,FALSE) -> 0 | E17: =VLOOKUP(A17,'Base de datos'!$B:$G,3,FALSE) -> 0 | F17: =VLOOKUP(A17,'Base de datos'!$B:$G,5,FALSE) -> 300700006921 | G17: =VLOOKUP(A17,'Base de datos'!$B:$G,6,FALSE) -> 0 | I17: =SUMIF('Base de datos'!B:B,'Formato -Imprimir'!A17,'Base de datos'!H:H) -> 0
A18: 7 | B18: =VLOOKUP(A18,'Base de datos'!$B:$G,4,FALSE) -> 0 | E18: =VLOOKUP(A18,'Base de datos'!$B:$G,3,FALSE) -> 0 | F18: =VLOOKUP(A18,'Base de datos'!$B:$G,5,FALSE) -> 300700006921 | G18: =VLOOKUP(A18,'Base de datos'!$B:$G,6,FALSE) -> 0 | I18: =SUMIF('Base de datos'!B:B,'Formato -Imprimir'!A18,'Base de datos'!H:H) -> 0
A19: 8 | B19: =VLOOKUP(A19,'Base de datos'!$B:$G,4,FALSE) -> 0 | E19: =VLOOKUP(A19,'Base de datos'!$B:$G,3,FALSE) -> 0 | F19: =VLOOKUP(A19,'Base de datos'!$B:$G,5,FALSE) -> 300700006921 | G19: =VLOOKUP(A19,'Base de datos'!$B:$G,6,FALSE) -> 0 | I19: =SUMIF('Base de datos'!B:B,'Formato -Imprimir'!A19,'Base de datos'!H:H) -> 0
A20: 9 | B20: =VLOOKUP(A20,'Base de datos'!$B:$G,4,FALSE) -> 0 | E20: =VLOOKUP(A20,'Base de datos'!$B:$G,3,FALSE) -> 0 | F20: =VLOOKUP(A20,'Base de datos'!$B:$G,5,FALSE) -> 300700006921 | G20: =VLOOKUP(A20,'Base de datos'!$B:$G,6,FALSE) -> #REF! | I20: =SUMIF('Base de datos'!B:B,'Formato -Imprimir'!A20,'Base de datos'!H:H) -> 0
A21: 10 | B21: =VLOOKUP(A21,'Base de datos'!$B:$G,4,FALSE) -> 0 | E21: =VLOOKUP(A21,'Base de datos'!$B:$G,3,FALSE) -> 0 | F21: =VLOOKUP(A21,'Base de datos'!$B:$G,5,FALSE) -> 300700006921 | G21: =VLOOKUP(A21,'Base de datos'!$B:$G,6,FALSE) -> #REF! | I21: =SUMIF('Base de datos'!B:B,'Formato -Imprimir'!A21,'Base de datos'!H:H) -> 0
A23: 2. ANEXOS: | B23: SOPORTE DE CONSIGNACION
A27: 3. Funcionario solicitante:
A28: 4. Aréa | B28: Subirección de cobranzas | F28: 5. Extensión:
A31: CONFIRMACIÓN E IMPUTACIÓN DE LOS DEPÓSITOS
A32: Para uso exclusivo de la Subdirección Financiera
A33: Fecha: | H33: N° de la solicitud:
A35: N° | B35: FECHA TRANSACCIÓN | C35: VALOR CONFIRMADO | E35: N° DE RECAUDO SIIF | F35: CUENTA BANCO | I35: NOTAS | N35: SE AGREGA LA COLUMNA REGISTRO DE RECAUDO, NO. DE CAUSACION
A36: =+A12 -> 1 | E36: =VLOOKUP(A36,'Base de datos'!$B:$S,17,FALSE) -> 0 | M36: =+C36-I12 -> #N/A
A37: =+A13 -> 2 | E37: =VLOOKUP(A37,'Base de datos'!$B:$S,17,FALSE) -> 0 | M37: =+C37-I13 -> 0
A38: =+A14 -> 3 | E38: =VLOOKUP(A38,'Base de datos'!$B:$S,17,FALSE) -> 0 | M38: =+C38-I14 -> 0
A39: =+A15 -> 4 | E39: =VLOOKUP(A39,'Base de datos'!$B:$S,17,FALSE) -> 0 | M39: =+C39-I15 -> 0
A40: =+A16 -> 5 | E40: =VLOOKUP(A40,'Base de datos'!$B:$S,17,FALSE) -> 0 | M40: =+C40-I16 -> 0
A41: =+A17 -> 6 | E41: =VLOOKUP(A41,'Base de datos'!$B:$S,17,FALSE) -> 0 | M41: =+C41-I17 -> 0
A42: =+A18 -> 7 | E42: =VLOOKUP(A42,'Base de datos'!$B:$S,17,FALSE) -> 0 | M42: =+C42-I18 -> 0
A43: =+A19 -> 8 | E43: =VLOOKUP(A43,'Base de datos'!$B:$S,17,FALSE) -> 0 | M43: =+C43-I19 -> 0
A44: =+A20 -> 9 | E44: =VLOOKUP(A44,'Base de datos'!$B:$S,17,FALSE) -> 0 | M44: =+C44-I20 -> 0
A45: 10 | E45: =VLOOKUP(A45,'Base de datos'!$B:$S,17,FALSE) -> 0 | M45: =+C45-I21 -> 0
A50: Funcionario que confirma | E50: Funcionario que registra en SIIF | I50: Vo Bo de Contabilidad
A51: Nombre: | E51: Nombre: | I51: Nombre:
A52: Area | E52: Area | I52: Cargo:

Sheet tabla
A1: Tipo de Ingreso
A2: Aportes Pensionales
A3: Compartibilidad
A4: Costas
A5: Cuotas Partes
A6: Gastos procesales
A7: Incapacidades
A8: Indemnizaciones
A9: Multas empleados
A10: Reintegro de Gastos
A11: Retroactivo Patronal
A12: Sanciones
A13: Valores Adeudados por pensión

Sheet APLICA TDJ-
A1: ACTUALIZACIÓN DE SANCIONES
A2: VALOR DE LA OBLIGACIÓN | B2: FECHA EXIGIBILIDAD | C2: CORTE ACTUALIZACION | D2: Dias de mora | E2: IPC | G2: VALOR IPC | H2: VALOR ACTUALIZADO | I2: TIPO DE PAGO | J2: No. SIIF/ No. TDJ | K2: VALOR PAGADO/VALOR TDJ | L2: FECHA DE PAGO/F. EMISION DEL TDJ | M2: PAGO IMPUTADO A OBLIGACIÓN | N2: REMANENTE | O2: SALDO A PAGAR | Q2: PORCENTAJE PAGADO PARA ACCEDER AL BENEFICIO
E3: IPC | F3: AÑO | P3: No. De Pago
A4: =VALOR_OBLIGACIÓN -> 0 | B4: =B15 -> 1 | C4: =+VLOOKUP(YEAR(B4),$S$21:$T$27,2,0) -> #N/A | D4: =IF(L4="",(C4-B4)+1,IF(YEAR(L4)<=YEAR(B4),0,IF((C4-B4)+1>365,(365),(C4-B4)+1))) -> #N/A | E4: =+IF(YEAR(B4)=YEAR(B5),(0),VLOOKUP(F4,$S$21:$U$27,3,FALSE)) -> #N/A | F4: =+YEAR(C4) -> #N/A | G4: =+H4-A4 -> #N/A | H4: =A4*(1+E4) -> #N/A | M4: =+IF(K4>H4,H4,K4) -> #N/A | N4: =K4-M4 -> #N/A | O4: =H4-M4 -> #N/A | P4: 1 | Q4: =K4/H4 -> #N/A
A5: =IF(P5=1,$B$13,O4) -> #N/A | B5: =+IF(L4="",DATE(YEAR(B4)+1,1,1),IF(YEAR(L4)<=YEAR($B$15),$B$15,IF(YEAR(B4)+1=YEAR(L4),DATE(YEAR(L4),1,1),DATE(YEAR(L4),1,1)))) -> 367 | C5: =+VLOOKUP(YEAR(B5),$S$21:$T$29,2,0) -> #N/A | D5: =IF(L5="",(C5-B5)+1,IF(YEAR(L5)<=YEAR(B5),0,IF((C5-B5)+1>365,(365),(C5-B5)+1))) -> #N/A | E5: =+IF(YEAR(B5)=YEAR(B6),(0),VLOOKUP(F5,$S$21:$U$29,3,FALSE)) -> #N/A | F5: =+YEAR(C5) -> #N/A | G5: =+H5-A5 -> #N/A | H5: =A5*(1+E5) -> #N/A | M5: =+IF(K5>H5,H5,K5) -> #N/A | N5: =K5-M5 -> #N/A | O5: =H5-M5 -> #N/A | P5: 2 | Q5: =K5/H5 -> #N/A
A6: =IF(P6=1,$B$13,O5) -> #N/A | B6: =+IF(L5="",DATE(YEAR(B5)+1,1,1),IF(YEAR(L5)<=YEAR($B$15),$B$15,IF(YEAR(B5)+1=YEAR(L5),DATE(YEAR(L5),1,1),DATE(YEAR(L5),1,1)))) -> 732 | C6: =+VLOOKUP(YEAR(B6),$S$21:$T$29,2,0) -> #N/A | D6: =IF(L6="",(C6-B6)+1,IF(YEAR(L6)<=YEAR(B6),0,IF((C6-B6)+1>365,(365),(C6-B6)+1))) -> #N/A | E6: =+IF(YEAR(B6)=YEAR(B7),(0),VLOOKUP(F6,$S$21:$U$29,3,FALSE)) -> #N/A | F6: =+YEAR(C6) -> #N/A | G6: =+H6-A6 -> #N/A | H6: =A6*(1+E6) -> #N/A | I6: CONSIGNACION | J6: 7295920 | K6: 165913 | L6: 44077 | M6: =+IF(K6>H6,H6,K6) -> #N/A | N6: =K6-M6 -> #N/A | O6: =H6-M6 -> #N/A | P6: 3 | Q6: =K6/H6 -> #N/A
A7: =IF(P7=1,$B$13,O6) -> #N/A | B7: =+IF(L6="",DATE(YEAR(B6)+1,1,1),IF(YEAR(L6)<=YEAR($B$15),$B$15,IF(YEAR(B6)+1=YEAR(L6),DATE(YEAR(L6),1,1),DATE(YEAR(L6),1,1)))) -> 43831 | C7: =+VLOOKUP(YEAR(B7),$S$21:$T$29,2,0) -> 44196 | D7: =IF(L7="",(C7-B7)+1,IF(YEAR(L7)<=YEAR(B7),0,IF((C7-B7)+1>365,(365),(C7-B7)+1))) -> 365 | E7: =+IF(YEAR(B7)=YEAR(B8),(0),VLOOKUP(F7,$S$21:$U$29,3,FALSE)) -> 0.0161 | F7: =+YEAR(C7) -> 2020 | G7: =+H7-A7 -> #N/A | H7: =A7*(1+E7) -> #N/A | I7: APLICACIÓN TDJ | J7: 400100007936486. | K7: 3625703 | L7: 44228 | M7: =+IF(K7>H7,H7,K7) -> #N/A | N7: =K7-M7 -> #N/A | O7: =H7-M7 -> #N/A | P7: 4 | Q7: =K7/H7 -> #N/A
A8: =IF(P8=1,$B$13,O7) -> #N/A | B8: =+IF(L7="",DATE(YEAR(B7)+1,1,1),IF(YEAR(L7)<=YEAR($B$15),$B$15,IF(YEAR(B7)+1=YEAR(L7),DATE(YEAR(L7),1,1),DATE(YEAR(L7),1,1)))) -> 44197 | C8: =+VLOOKUP(YEAR(B8),$S$21:$T$27,2,0) -> #N/A | D8: =IF(L8="",(C8-B8)+1,IF(YEAR(L8)<=YEAR(B8),0,IF((C8-B8)+1>365,(365),(C8-B8)+1))) -> #N/A | E8: =+IF(YEAR(B8)=YEAR(B9),(0),VLOOKUP(F8,$S$21:$U$27,3,FALSE)) -> #N/A | F8: =+YEAR(C8) -> #N/A | G8: =+H8-A8 -> #N/A | H8: =A8*(1+E8) -> #N/A | M8: =+IF(K8>H8,H8,K8) -> #N/A | N8: =K8-M8 -> #N/A | O8: =H8-M8 -> #N/A | P8: 5 | Q8: =K8/H8 -> #N/A
A9: =IF(P9=1,$B$13,O8) -> #N/A | B9: =+IF(L8="",DATE(YEAR(B8)+1,1,1),IF(YEAR(L8)<=YEAR($B$15),$B$15,IF(YEAR(B8)+1=YEAR(L8),DATE(YEAR(L8),1,1),DATE(YEAR(L8),1,1)))) -> 44562 | C9: =+VLOOKUP(YEAR(B9),$S$21:$T$27,2,0) -> #N/A | D9: =IF(L9="",(C9-B9)+1,IF(YEAR(L9)<=YEAR(B9),0,IF((C9-B9)+1>365,(365),(C9-B9)+1))) -> #N/A | E9: =+IF(YEAR(B9)=YEAR(B10),(0),VLOOKUP(F9,$S$21:$U$27,3,FALSE)) -> #N/A | F9: =+YEAR(C9) -> #N/A | G9: =+H9-A9 -> #N/A | H9: =A9*(1+E9) -> #N/A | M9: =+IF(K9>H9,H9,K9) -> #N/A | N9: =K9-M9 -> #N/A | O9: =H9-M9 -> #N/A | P9: 6 | Q9: =K9/H9 -> #N/A
A10: =IF(P10=1,$B$13,O9) -> #N/A | B10: =+IF(L9="",DATE(YEAR(B9)+1,1,1),IF(YEAR(L9)<=YEAR($B$15),$B$15,IF(YEAR(B9)+1=YEAR(L9),DATE(YEAR(L9),1,1),DATE(YEAR(L9),1,1)))) -> 44927 | C10: =+VLOOKUP(YEAR(B10),$S$21:$T$27,2,0) -> #N/A | D10: =IF(L10="",(C10-B10)+1,IF(YEAR(L10)<=YEAR(B10),0,IF((C10-B10)+1>365,(365),(C10-B10)+1))) -> #N/A | E10: =+IF(YEAR(B10)=YEAR(B11),(0),VLOOKUP(F10,$S$21:$U$27,3,FALSE)) -> #N/A | F10: =+YEAR(C10) -> #N/A | G10: =+H10-A10 -> #N/A | H10: =A10*(1+E10) -> #N/A | M10: =+IF(K10>H10,H10,K10) -> #N/A | N10: =K10-M10 -> #N/A | O10: =H10-M10 -> #N/A | P10: 7 | Q10: =K10/H10 -> #N/A
A11: =IF(P11=1,$B$13,O10) -> #N/A | B11: =+IF(L10="",DATE(YEAR(B10)+1,1,1),IF(YEAR(L10)<=YEAR($B$15),$B$15,IF(YEAR(B10)+1=YEAR(L10),DATE(YEAR(L10),1,1),DATE(YEAR(L10),1,1)))) -> 45292 | C11: =+VLOOKUP(YEAR(B11),$S$21:$T$27,2,0) -> #N/A | D11: =IF(L11="",(C11-B11)+1,IF(YEAR(L11)<=YEAR(B11),0,IF((C11-B11)+1>365,(365),(C11-B11)+1))) -> #N/A | E11: =+IF(YEAR(B11)=YEAR(B12),(0),VLOOKUP(F11,$S$21:$U$27,3,FALSE)) -> #N/A | F11: =+YEAR(C11) -> #N/A | G11: =+H11-A11 -> #N/A | H11: =A11*(1+E11) -> #N/A | M11: =+IF(K11>H11,H11,K11) -> #N/A | N11: =K11-M11 -> #N/A | O11: =H11-M11 -> #N/A | P11: 8 | Q11: =K11/H11 -> #N/A
I12: TOTAL | M12: =M5+M6+M7+M8 -> #N/A | N12: =N6+N7+N8 -> #N/A
A13: VALOR SANCION | B13: =inicial!B19 -> 0 | R13: 2016
A14: FECHA EJECUTORIA | B14: =inicial!B20 -> 0 | R14: 2017
A15: FECHA EXIGIBILIDAD | B15: =B14+1 -> 1
A16: L.O | B16: 106216300
R18: =+B15 -> 1 | S18: =+YEAR(R18) -> 1900
A19: actualizado: 01/02/2019 | R19: =+L4 -> 0 | S19: =+YEAR(R19) -> 1900
S21: 2013 | T21: 41639 | U21: 0.0194
S22: 2014 | T22: 42004 | U22: 0.0366
R23: =+B4 -> 1 | S23: 2015 | T23: 42369 | U23: 0.0677
S24: 2016 | T24: 42735 | U24: 0.0575
S25: 2017 | T25: 43100 | U25: 0.0409
S26: 2018 | T26: 43465 | U26: 0.0318
S27: 2019 | T27: 43830 | U27: 0.038
S28: 2020 | T28: 44196 | U28: 0.0161
